 Dungeon Crawl Stone Soup version 0.32-a0-450-g080537f31e (webtiles) character file.

Game seed: 7807502518111584410

3 Bravepunisher the Ducker (level 1, -2/11 HPs)
             Began as a Spriggan Monk on Feb 23, 2024.
             Slain by a quokka (5 damage)
             ... on level 3 of the Dungeon.
             The game lasted 00:00:42 (183 turns).

Bravepunisher the Ducker (Spriggan Monk)             Turns: 183, Time: 00:00:43

Health: -2/11      AC:  2    Str:  7    XL:     1   Next: 41%
Magic:  2/2        EV: 19    Int: 11    God:
Gold:   13         SH:  0    Dex: 17    Spells: 0/0 levels left

rFire   . . .        a - +0 short sword
rCold   . . .        (no shield)
rNeg    . . .        b - +0 robe
rPois   .            (helmet restricted)
rElec   .            (no cloak)
rCorr   .            (gloves unavailable)
SInv    +            (boots unavailable)
Will    .....        (no amulet)
Stlth   ++           (no ring)
HPRegen 0.21/turn    (no ring)
MPRegen 0.08/turn

%: no passive effects
@: very quick
A: very small, no large weapons, unfitting armour, see invisible, speed 3
a: no special abilities


You were on level 3 of the Dungeon.
You visited 1 branch of the dungeon, and saw 3 of its levels.

You collected 13 gold pieces.

Inventory:

Hand Weapons
 a - a +0 short sword (weapon)
Armour
 b - a +0 robe (worn)
Potions
 c - a potion of ambrosia


   Skills:
 + Level 2.5 Fighting
 - Level 3.2 Short Blades
 * Level 4.2 Dodging


You couldn't memorise any spells.
You didn't know any spells.
Your spell library contained the following spells:

 Spells                   Type           Power      Damage    Failure   Level
 Sublimation of Blood     Necr           0%         N/A       47%         2
 Petrify                  Alch/Erth      0%         N/A       98%         4
 Irradiate                Conj/Alch      0%         3d11      100%        5


Dungeon Overview and Level Annotations

Branches:
Dungeon (3/15)

Altars:

Annotations:
D:3 Sigmund


Innate Abilities, Weirdness & Mutations

You are very small and have problems with some larger weapons.
You are too small for most types of armour.
You have supernaturally acute eyesight. (SInv)
You cover ground extremely quickly. (Speed+++)


Message History

You hit the jackal.
The jackal is almost dead.
The jackal closely misses you. The jackal bites you.
The jackal barely misses you.
You closely miss the jackal.
The jackal is almost dead.
The jackal completely misses you. The jackal bites you.
Sigmund casts a spell.
Sigmund flickers and vanishes for a moment.
You barely miss the jackal.
The jackal is almost dead.
The jackal misses you. The jackal barely misses you.
You hit the jackal.
You kill the jackal!
The bat misses you. The jackal barely misses you.
You hit the bat.
The bat is heavily wounded.
The bat misses you. The jackal misses you. Sigmund misses you.
The jackal attacks as it pursues you! The jackal misses you. The bat hits you.
You hit the bat but do no damage.
The bat is heavily wounded.
The bat hits you. The jackal closely misses you. The bat closely misses you.
You hit the bat.
You kill the bat!
The jackal completely misses you. Sigmund misses you.
The jackal attacks as it pursues you!
The jackal bites you but does no damage.
You see here a bat corpse.
The jackal attacks as it pursues you! The jackal closely misses you.
The jackal attacks as it pursues you! The jackal bites you.
The jackal attacks as it pursues you! The jackal closely misses you.
A quokka comes into view.
You hit the quokka but do no damage. The quokka closely misses you.
You barely miss the quokka. The jackal bites you.
* * * LOW HITPOINT WARNING * * *
The quokka completely misses you.
You hit the quokka.
The quokka is moderately wounded.
The jackal barely misses you. The quokka bites you.
You die...

########+##
#.........#####
####.........#....
#..'.b.......'..J.
#.##.........###'#
#.###.........#...
#r# #.###....##...
#@# #.# #....##...
#h# #.# #....##...
#.# #.# #....##...
#.# #.# #..h.##...
#@# #.# #.# #.#
#.# #.# #.# #.#
#.# #.#


You could see Sigmund (invisible), a quokka and a jackal.

Vanquished Creatures
  A bat (D:3)
  A jackal (D:3)
  A rat (D:3)
3 creatures vanquished.

Notes
Turn   | Place    | Note
-------+----------+-------------------------------------------
     0 | D:1      | Bravepunisher the Spriggan Monk began the quest for the
                  | Orb.
     0 | D:1      | Reached XP level 1. HP: 11/11 MP: 2/2
    97 | D:3      | Noticed Sigmund
   183 | D:3      | Slain by a quokka

Illustrated notes

Levels and vault maps discovered:
D:1:      onia_arrival_handbag, layout_loops_ring,
          hellmonk_ecumenical_altar_run_dry
D:2:      layout_basic
D:3:      layout_basic, mainiacjoe_overflow_brackets, nrook_uturn, uniq_sigmund

Action                     || total
---------------------------++-------
  Melee: Short sword       ||    17
   Stab: Sleeping          ||     1
 Armour: Robe              ||    22
  Dodge: Dodged            ||    46

Table legend: (Time is in decaauts)
 A = Elapsed time spent in this place.
 B = Non-inter-level travel time spent in this place.
 C = Inter-level travel time spent in this place.
 D = Time resting spent in this place.
 E = Time spent auto-exploring this place.
 F = Levels seen in this place.
 G = Mean time per level.
                   A        B        C        D        E       F      G
               +--------+--------+--------+--------+--------+-----+--------+
         Total |    120 |    120 |      0 |      0 |     32 |   3 |   40.0 |
       Dungeon |    120 |    120 |      0 |      0 |     32 |   3 |   40.0 |
               +--------+--------+--------+--------+--------+-----+--------+

Top non-repeatable levels by time:
     D:3: 81 daAuts
     D:2: 30 daAuts
     D:1: 8 daAuts
